 Dungeon Crawl Stone Soup version 0.28-a0-695-gff097466f2 (webtiles) character file.

Game seed: 5070442468788156707

120 kae the Changer (level 4, -5/35 HPs)
             Began as a Draconian Transmuter on Oct 22, 2021.
             Succumbed to a scorpion's poison
             ... on level 4 of the Dungeon.
             The game lasted 00:02:56 (3092 turns).

kae the Changer (Draconian Transmuter)              Turns: 3092, Time: 00:02:57

Health: -5/35      AC:  2    Str: 12    XL:     4   Next: 75%
Magic:  4/7        EV: 19    Int: 15    God:
Gold:   1083       SH:  0    Dex: 16    Spells: 3/7 levels left

rFire   . . .      SeeInvis .     - Unarmed
rCold   . . .      Faith    .   (shield currently unavailable)
rNeg    . . .      Spirit   .   (armour unavailable)
rPois   x          Reflect  .   (helmet currently unavailable)
rElec   .          Harm     .   (cloak currently unavailable)
rCorr   .          Rampage  .   (gloves currently unavailable)
Will    .....                   (boots currently unavailable)
Stlth   +.........              (no amulet)
HPRegen 0.11/turn               (no ring)
MPRegen 0.10/turn               (no ring)

@: lethally poisoned (-5 -> -45), spider-form
A: venomous fangs, AC +5, tiny, unfitting armour, (cold-blooded)
a: End Transformation


You were on level 4 of the Dungeon.
You were a venomous arachnid creature.
You visited 1 branch of the dungeon, and saw 4 of its levels.

You collected 1083 gold pieces.

Inventory:

Armour
 e - the +0 cloak of the Well-Known Wonders {Will+ Int+8 Dex-4}
   (You acquired it on level 3 of the Dungeon)

   Int:       It affects your intelligence (+8).
   Dex:       It affects your dexterity (-4).
   Will:      It increases your willpower.
Jewellery
 d - a ring of resist corrosion
 g - a ring of fire
Scrolls
 f - 2 scrolls of teleportation
Potions
 c - a potion of haste {unknown}
 h - a potion of heal wounds {unknown}
 i - 2 potions of mutation {unknown}


   Skills:
 - Level 1.1 Fighting
 - Level 1.7 Dodging
 + Level 3.8 Unarmed Combat
 - Level 2.0 Spellcasting
 * Level 3.9 Transmutations
 * Level 1.8 Poison Magic


You had 3 spell levels left.
You knew the following spells:

 Your Spells              Type           Power      Damage    Failure   Level
a - Beastly Appendage     Tmut           26%        N/A       14%         1
b - Spider Form           Tmut/Pois      5%         N/A       41%         3

Your spell library contained the following spells:

 Spells                   Type           Power      Damage    Failure   Level
 Wereblood                Tmut           13%        N/A       19%         2
 Ice Form                 Ice/Tmut       7%         N/A       86%         4


Dungeon Overview and Level Annotations

Branches:
Dungeon (4/15)
 Temple: D:4-7

Altars:
Fedhas

Shops:
D:2 =

Annotations:
D:3 Sigmund


Innate Abilities, Weirdness & Mutations

You are a venomous arachnid creature.
You have poisonous fangs.
You are tiny and dextrous.
Your spellcasting is less reliable in this form.
Your armour is entirely melded.
You are incapable of wielding weapons or throwing items.
((Your plain brown scales are hard. (AC +5)))
You cannot fit into any form of body armour.
((You are cold-blooded and may be slowed by cold attacks.))


Message History

The scorpion is heavily wounded.
The scorpion stings you.
You are poisoned.
The scorpion poisons you!
You hit the scorpion but do no damage.
The scorpion is heavily wounded.
You feel very sick. The scorpion stings you.
You are more poisoned.
The scorpion poisons you!
You hit the scorpion but do no damage.
The scorpion is heavily wounded.
You feel very sick. The scorpion barely misses you.
You are too injured to fight recklessly!
You are too injured to fight recklessly!
You are too injured to fight recklessly!
Casting: Beastly Appendage (safe; 4% risk of failure)
Confirm with . or Enter, or press ? or * to list all spells.
The spell is quite dangerous to cast (21% risk of failure)!
Continue anyway? [Y]es or [N]o only, please.
The spell is quite dangerous to cast (21% risk of failure)!
Continue anyway?
You turn into a venomous arachnid creature.
You feel very sick. The scorpion misses you.
You hit the scorpion.
The scorpion is severely wounded.
You feel very sick. The scorpion closely misses you.
You hit the scorpion.
The scorpion is severely wounded.
* * * LOW HITPOINT WARNING * * *
You feel very sick. The scorpion stings you!
* * * LOW HITPOINT WARNING * * *
You are more poisoned.
The scorpion poisons you!
You hit the scorpion.
The scorpion is almost dead.
You die...

### ### #.# #.#
##### #.# #.# #.#.#
##.## #.## #...#
#...# #..####..#
#...#####........#
.....##...#####..##
........### #...##
>.....### #.s..#
.....## #..s.#
....## #.......
.....# ........#
.....# #...#..###
...#..# #...#..#
.####.. #....... ##
#. #........ #


You could see a scorpion.

Vanquished Creatures
  A bullfrog zombie (D:3)
  A gnoll (D:1)
  A howler monkey skeleton (D:4)
  An adder (D:3)
  2 worms
  An orc (D:3)
  5 bats
  2 endoplasms
  2 giant cockroaches (D:1)
  9 goblins
  5 hobgoblins
  2 jackals (D:1)
  2 quokkas
  7 ball pythons
  3 frilled lizards
  A kobold (D:3)
  3 rats
48 creatures vanquished.

Notes
Turn   | Place    | Note
-------+----------+-------------------------------------------
     0 | D:1      | kae the Draconian Transmuter began the quest for the Orb.
     0 | D:1      | Reached XP level 1. HP: 16/16 MP: 3/3
    78 | D:1      | Reached XP level 2. HP: 7/23 MP: 3/5
   838 | D:1      | Reached XP level 3. HP: 28/28 MP: 4/6
   842 | D:1      | Learned a level 3 spell: Spider Form
  1268 | D:2      | Found Quagh's Jewellery Boutique.
  1777 | D:2      | Identified 2 scrolls of acquirement
  1777 | D:2      | Acquired 914 gold pieces
  1858 | D:3      | Noticed Sigmund
  1929 | D:3      | Acquired the +0 cloak of the Well-Known Wonders {Will+
                  | Int+8 Dex-4}
  2053 | D:3      | Reached skill level 1 in Poison Magic
  2053 | D:3      | Reached XP level 4. HP: 12/35 MP: 7/7
  2570 | D:3      | Found a blossoming altar of Fedhas.
  3072 | D:4      | Noticed a scorpion
  3092 | D:4      | Succumbed to a scorpion's poison

Illustrated notes

Levels and vault maps discovered:
D:1:      lightli_arrival_flooded_house, layout_rooms, serial_curves,
          eino_curves_04, eino_curves_04
D:2:      layout_loops_cross, serial_shops, shop_fountains, hex_medium
D:3:      layout_basic, general_overflow_altar, uniq_sigmund
D:4:      minmay_inner_zag, layout_layer_cave, nicolae_vehumet_altar_sigil

Skill      XL: |  1  2  3 |
---------------+----------+-----
Transmutations | 3 |  3.9
Poison Magic   | 1 |  1.8
Fighting       | |  1.1
Dodging        | |  1.7
Unarmed Combat | |  3.8
Spellcasting   | |  2.0

Action                   |  1- 3 |  4- 6 || total
-------------------------+-------+-------++-------
Melee: Unarmed           |   126 |    51 ||   177
       Kick              |    21 |     6 ||    27
       Headbutt          |     6 |       ||     6
       Tailslap          |    10 |     2 ||    12
       Punch             |     2 |       ||     2
 Cast: Beastly Appendage |    26 |     8 ||    34
       Spider Form       |       |     1 ||     1
  Use: Scroll            |     5 |     2 ||     7
       Potion            |       |     2 ||     2
 Stab: Sleeping          |     1 |       ||     1
Armor: Skin              |    51 |    21 ||    72
Dodge: Dodged            |    88 |    44 ||   132

Table legend: (Time is in decaauts)
 A = Elapsed time spent in this place.
 B = Non-inter-level travel time spent in this place.
 C = Inter-level travel time spent in this place.
 D = Time resting spent in this place.
 E = Time spent auto-exploring this place.
 F = Levels seen in this place.
 G = Mean time per level.
                   A        B        C        D        E       F      G
               +--------+--------+--------+--------+--------+-----+--------+
         Total |   3081 |   2993 |     88 |    201 |   2347 |   4 |  770.2 |
       Dungeon |   3081 |   2993 |     88 |    201 |   2347 |   4 |  770.2 |
               +--------+--------+--------+--------+--------+-----+--------+

Top non-repeatable levels by time:
     D:1: 1093 daAuts
     D:2: 835 daAuts
     D:3: 789 daAuts
     D:4: 362 daAuts
